Unix NetHack Version 5.0.0-0 post-release - last build May  4 2026 22:22:43 (774f63e81ad911689b3a0859ea89b322d5daca8d,branch:main).

Game began 2026-05-05 01:06:55, ended 2026-05-05 01:31:55.

DaveT, lawful male human Priest

  ----------     ---------------
  |...{....|     |.............|                                --------
  |........|     |.............|                   ---------   #-......|
  |........|     |.............|                   |.......|####|...<..|
  |.....%..|    #-.............|                   |........#   ----.---
  |........|    #---.----.------                ###.....%..|        #
  |.......>|    #        %                         -------.-        #
  ----|-----  ###        %                                %         #
      #       #  #       )                                #         ###
      #       #     ######                               #%           #
      #     ####    #                              ###%###            ##
    ###    ## #     #     -------               ---.----------      ---.--
    #      # #     ##%#[##......|               |............-###   |....|
  --@-.--- ##    ---[-   [|.....|           ####.............|  ##  |...`|
  |.%....|##     |...|")%#|.....| ###########   |............|   #  |...(|
  |....%..#      |..{|"  #|......##        ##   |............|   #  |....|
  |......|       |...-#  #-------          #    --------------   ###.....|
  |.......       |...|   #####"#############                        -+----
  --------       -----

DaveT the Adept              St:8 Dx:12 Co:14 In:12 Wi:18 Ch:9  Lawful
Dlvl:7  $:0  HP:0(47) Pw:90(90) AC:4  Xp:7 T:3576  Satiated Burdened Blind

Latest messages:
 You see here a snake corpse.
 The tengu vanishes!
 The wererat hits!
 The wererat summons help!
 A giant rat suddenly appears next to you!
 A rabid rat suddenly appears next to you!
 A giant rat suddenly appears next to you!
 A sewer rat suddenly appears next to you!
 A sewer rat suddenly appears next to you!
 The wererat misses!
 You hear a nearby zap.
 The wererat is killed by the bolt of lightning!
 The bolt of lightning whizzes by you!
 You are blinded by the flash!
 You try to feel what is lying here on the floor.
 You feel here a wererat corpse.
 It bites!
 It misses!
 It bites!
 It misses!
 It misses!
 It misses!
 It misses!
 It misses!
 It misses!
 It pretends to be friendly.
 She seduces you and you start taking off your boots.
 You sure are noisy.
 It bites!
 It bites!
 It misses!
 It bites!
 It just misses!
 It pretends to be friendly.
 She seduces you and you start taking off your robe.
 You can move again.
 It steals a blessed +3 robe!
 You attack thin air.
 It bites!
 It bites!
 It misses!
 It misses!
 It bites!
 It bites!
 It bites!
 Its bite was poisoned!
 You die...
 Do you want your possessions identified? [ynq] (y) y
 Do you want to see your attributes? [ynq] (y) y
 Do you want an account of creatures vanquished? [ynaq] (y) q

Inventory:
 Weapons  (')')
  x - 6 +0 elven arrows (in quiver)
  B - 3 +0 darts
  r - a blessed +0 elven dagger
  n - 2 +0 orcish daggers
  U - a cursed +0 orcish dagger
  a - a blessed +5 mace (weapon in right hand)
 Armor    ('[')
  g - a blessed +1 orcish helm (being worn)
  p - a +0 pair of elven boots
  z - a +0 elven shield (being worn)
  w - a blessed +0 leather armor (being worn)
 Comestibles  ('%')
  e - a clove of garlic
  j - 2 food rations
  f - a sprig of wolfsbane
 Scrolls  ('?')
  q - a scroll of create monster
  c - a scroll of fire
  l - a scroll of identify
  k - 2 scrolls of teleportation
 Spellbooks  ('+')
  m - a blessed spellbook of confuse monster
  h - a spellbook of cure sickness
 Potions  ('!')
  W - a cursed potion of extra healing
  u - 5 potions of healing
  Y - a cursed potion of object detection
  v - a potion of see invisible
  d - a potion of holy water
  X - a potion of water
 Rings    ('=')
  s - a ring of warning
 Wands    ('/')
  V - a wand of digging (0:7)
  o - a wand of undead turning (0:6)
 Tools    ('(')
  i - a magic marker (0:19)
  t - an oil lamp

DaveT the Priest's attributes:

Background:
 You were an Adept, a level 7 human Priest.
 You were lawful, on a mission for Lugh
 who was opposed by Brigit (neutral) and Manannan Mac Lir (chaotic).
 You were right-handed.
 You were in the Dungeons of Doom, on level 7.
 You entered the dungeon 3576 turns ago.
 It was nighttime.
 You had 922 experience points, 358 more were needed to attain level 8.

Basics:
 You had 0 out of 47 hit points.
 You had all 90 energy points (spell power).
 Your armor class was 4.
 Your wallet was empty.
 Autopickup was off.

Final Characteristics:
 Your strength was 8 (peak:11, limit:18/100).
 Your dexterity was 12 (limit:18).
 Your constitution was 14 (limit:18).
 Your intelligence was 12 (limit:18).
 Your wisdom was 18 (limit:18).
 Your charisma was 9 (limit:18).

Final Status:
 You were temporarily blind.
 You were satiated.
 You were burdened; movement was slightly slowed.
 You were wielding a mace.
 You were skilled in mace.

Final Attributes:
 You were piously aligned.
 You were sleep resistant.
 You were warded.
 You are dead.

Miscellaneous:
 You didn't encounter any bones levels.
 Total elapsed playing time was 23 minutes and 25 seconds.

Major events:
 Turn
    1: DaveT the lawful human Priest entered the dungeon
  798: entered the Gnomish Mines
  862: attained the rank of Acolyte (level 3)
 2430: attained the rank of Adept (level 6)
 3576: killed by a rabid rat

Spells:
 Name                 Level Category     Fail Retention
 light                  1   clerical      88%   81%-90%
 cure sickness          3   healing      100%  76%-100%
 confuse monster        1   enchantment   88%  76%-100%

Skills:
 Fighting Skills
   bare handed combat [Unskilled]
 Weapon Skills
   club               [Unskilled]
   mace               [Skilled]
   morning star       [Unskilled]
   flail              [Unskilled]
   hammer             [Unskilled]
   quarterstaff       [Unskilled]
   polearms           [Unskilled]
   spear              [Unskilled]
   trident            [Unskilled]
   lance              [Unskilled]
   bow                [Unskilled]
   sling              [Unskilled]
   crossbow           [Unskilled]
   dart               [Unskilled]
   shuriken           [Unskilled]
   boomerang          [Unskilled]
   unicorn horn       [Unskilled]
 Spellcasting Skills
   healing spells     [Unskilled]
   divination spells  [Unskilled]
   clerical spells    [Basic]

Voluntary challenges:
 Character rerolling was not enabled.
 You never genocided any monsters.
 You never polymorphed an object.
 You never changed form.
 You used no wishes.
Achievements:
 You entered a shop.
 You entered the Gnomish Mines.
 You attained the rank of Acolyte.
 You attained the rank of Adept.

 The Dungeons of Doom: levels 1 to 8
    Level 1: "vault"
    Level 2:
       A general store.
    Level 3: "vault door in NW"
       A general store.
       Stairs down to The Gnomish Mines.
    Level 4:
       A general store.
    Level 5:
       A fountain.
    Level 6:
    Level 7: "vault" <- You were here.
       Some fountains.
       Final resting place for
          you, killed by a rabid rat.
    Level 8:
 The Gnomish Mines:
    Level 4:


Vanquished creatures:
  2 small mimics
  a wolf
  3 leprechauns
  a mumak
  a dust vortex
  2 snakes
  4 apes
  7 Woodland-elves
 an orc shaman
  a rock piercer
  a rock mole
  a floating eye
  2 homunculi
 11 hill orcs
  a dwarf zombie
  a wererat
 an iguana
 an acid blob
  a coyote
  a gas spore
  2 hobgoblins
  4 giant rats
  3 cave spiders
  3 yellow molds
  a red mold
  2 garter snakes
  a gnome zombie
  2 geckos
  4 jackals
  3 kobolds
  3 goblins
  2 sewer rats
  9 grid bugs
  6 newts
89 creatures vanquished.

No species were genocided or became extinct.

Game over:
                       ----------
                      /          \
                     /    REST    \
                    /      IN      \
                   /     PEACE      \
                  /                  \
                  |      DaveT       |
                  |       0 Au       |
                  |   killed by a    |
                  |    rabid rat     |
                  |                  |
                  |                  |
                  |       2026       |
                 *|     *  *  *      | *
        _________)/\\_//(\/(/\)/\//\/|_)_______

Goodbye DaveT the Priest...

You died in The Dungeons of Doom on dungeon level 7 with 4068 points,
and 0 pieces of gold, after 3576 moves.
You were level 7 with a maximum of 47 hit points when you died.

